 Dungeon Crawl Stone Soup version 0.31-a0-986-g5e6e4ef867 (webtiles) character file.

Game seed: 6012981313176972101

1621013 RepHenryClay the Barachian Barricade (level 27, 249/249 HPs)
             Began as a Barachi Wanderer on Nov 5, 2023.
             Was an Initiate of Gozag.
             Escaped with the Orb
             ... and 3 runes on Nov 7, 2023!
             The game lasted 02:51:00 (73963 turns).

RepHenryClay the Barachian Barricade (BaWn)        Turns: 73963, Time: 02:51:00

Health: 249/249    AC: 31    Str: 16    XL:     27
Magic:  23/23      EV: 43    Int: 14    God:    Gozag
Gold:   1748       SH: 32    Dex: 34    Spells: 24/26 levels left

rFire   + + .        b - +9 eudemon blade (holy)
rCold   + . .        o - +2 tower shield {rPois}
rNeg    + + .        a - +7 swamp dragon scales "Qugiex" {Drain rPois rF+ Will++}
rPois   +            y - +0 mask of the Dragon {Will+ Slay+3 SInv}
rElec   +            t - scarf {repulsion}
rCorr   +            I - +1 pair of gloves of Sios {rElec rN++ Int+2 Dex-3}
SInv    +            V - +3 pair of mountain boots {steadfast, rC+}
Will    ++++.        z - amulet of Vitality {RegenMP++ Regen++}
Stlth   +            x - ring "Fatepn" {rElec rPois rCorr Int-4 Dex+6}
HPRegen 2.21/turn    d - ring of Micvoog {rF+ Will- Int+6 Dex+5}
MPRegen 0.98/turn

%: repel missiles
@: studying 2 skills, slow
A: amphibious, slowness 1, strong legs 2, +LOS, mutation resistance 1
0: Orb of Zot
}: 3/15 runes: serpentine, barnacled, silver
a: Hop, Renounce Religion, Potion Petition, Call Merchant, Bribe Branch


You escaped.
You worshipped Gozag.
Gozag was most pleased with you.
You visited 10 branches of the dungeon, and saw 48 of its levels.
You visited 2 bazaars.
You also visited: Ice Cave.

You collected 29070 gold pieces.
You spent 6150 gold pieces at shops.
You paid 21172 gold pieces to Gozag.

Inventory:

Hand Weapons
 b - a +9 eudemon blade of holy wrath (weapon)
Missiles
 c - 16 silver javelins
 h - 11 curare-tipped darts
 n - 21 atropa-tipped darts
 p - 3 throwing nets
 u - 30 poisoned darts
 Y - 5 javelins (quivered)
Armour
 a - the +7 swamp dragon scales "Qugiex" (worn) {Drain rPois rF+ Will++}
   (You took it off a deep elf blademaster on level 3 of the Elven Halls)

   rF+:       It protects you from fire.
   rPois:     It protects you from poison Will++: It greatly increases your
   willpower.
   Drain:     It drains your maximum health when unequipped.
 o - a +2 tower shield of poison resistance (worn)
 t - a scarf of repulsion (worn)
 y - the +0 mask of the Dragon (worn) {Will+ Slay+3 SInv}
   (You bought it in a shop in a bazaar)

   Slay+3:    It affects your accuracy & damage with ranged weapons and melee
   (+3).
   Will+:     It increases your willpower.
   SInv:      It lets you see invisible.
 I - the +1 pair of gloves of Sios (worn) {rElec rN++ Int+2 Dex-3}
   (You found it on level 4 of the Vaults)

   Int+2:     It affects your intelligence (+2).
   Dex-3:     It affects your dexterity (-3).
   rElec:     It insulates you from electricity.
   rN++:      It greatly protects you from negative energy.
 P - +10 pearl dragon scales
 V - the +3 pair of mountain boots (worn) {steadfast, rC+}
   (You acquired it on level 4 of the Depths)

   Steadfast: It prevents involuntary movement, except for blinking,
   teleportation, or banishment.
   rC+:       It protects you from cold.
Jewellery
 d - the ring of Micvoog (right hand) {rF+ Will- Int+6 Dex+5}
   (You found it on level 1 of the Depths)

   [ring of intelligence]

   Int+6:     It affects your intelligence (+6).
   Dex+5:     It affects your dexterity (+5).
   rF+:       It protects you from fire.
   Will-:     It decreases your willpower.
 i - the ring of the Flying Ancients {EV+5 SInv}
   (You took it off a wight on level 8 of the Dungeon)

   [ring of evasion]

   EV+5:      It affects your evasion (+5).
   SInv:      It lets you see invisible.
 q - the amulet "Pilicsad" {Reflect rElec rPois rN+ SH+5}
   (You took it off a vault warden on level 5 of the Vaults)

   [amulet of reflection]

   Reflect:   It reflects blocked missile attacks.
   rElec:     It insulates you from electricity.
   rPois:     It protects you from poison rN+: It protects you from negative
   energy.
   SH+5:      It affects your SH (+5).
 r - the amulet "Dogolot" {RegenMP Will++ Int-2 Dex+8}
   (You acquired it on level 10 of the Dungeon)

   [amulet of magic regeneration]

   RegenMP:   It increases your rate of magic regeneration.
   Int-2:     It affects your intelligence (-2).
   Dex+8:     It affects your dexterity (+8).
   Will++:    It greatly increases your willpower.
 x - the ring "Fatepn" (left hand) {rElec rPois rCorr Int-4 Dex+6}
   (You bought it in a shop on level 13 of the Dungeon)

   [ring of poison resistance]

   Int-4:     It affects your intelligence (-4).
   Dex+6:     It affects your dexterity (+6).
   rElec:     It insulates you from electricity.
   rPois:     It protects you from poison rCorr: It protects you from acid and
   corrosion.
 z - the amulet of Vitality (around neck) {RegenMP++ Regen++}
   (You took it off a deep elf death mage on level 3 of the Elven Halls)

   [amulet of magic regeneration]

   RegenMP:   It increases your rate of magic regeneration.
   Regen++:   It increases your rate of health regeneration.
 E - the ring of the Devil's Advocate {rElec rC+ rCorr Dex-2}
   (You took it off a frost giant on level 1 of the Depths)

   [ring of protection from cold]

   Dex-2:     It affects your dexterity (-2).
   rC+:       It protects you from cold.
   rElec:     It insulates you from electricity.
   rCorr:     It protects you from acid and corrosion.
 J - the ring "Turescha" {rF+ rCorr MP+9}
   (You took it off a deep elf elementalist on level 3 of the Elven Halls)

   [ring of magical power]

   rF+:       It protects you from fire.
   MP+9:      It affects your magic capacity (+9).
   rCorr:     It protects you from acid and corrosion.
 X - the ring of Kov Amia {rPois rCorr AC+4 Str+4}
   (You took it off a tengu warrior on level 3 of the Depths)

   [ring of protection]

   AC+4:      It affects your AC (+4).
   Str+4:     It affects your strength (+4).
   rPois:     It protects you from poison rCorr: It protects you from acid and
   corrosion.
 Z - a ring of protection from cold
Wands
 g - a wand of acid (31)
 k - a wand of mindburst (58)
 v - a wand of iceblast (31)
 w - a wand of digging (24)
 M - a wand of charming (57)
Scrolls
 e - 9 scrolls of immolation
 f - 2 scrolls of revelation
 A - 3 scrolls of summoning
 B - 13 scrolls of teleportation
 D - 2 scrolls of brand weapon
 G - 6 scrolls of blinking
 H - 3 scrolls of enchant weapon
 L - 3 scrolls of fog
 Q - 6 scrolls of fear
Potions
 j - 4 potions of brilliance
 l - 10 potions of enlightenment
 m - 29 potions of curing
 s - 3 potions of haste
 C - 6 potions of resistance
 F - 16 potions of heal wounds
 K - 5 potions of mutation
 N - 6 potions of cancellation
 O - 2 potions of berserk rage
 S - 5 potions of magic
 T - 2 potions of ambrosia
 U - 3 potions of might
Miscellaneous
 R - a condenser vane


   Skills:
 O Level 27 Fighting
 - Level 5.4(10.8) Short Blades
 - Level 15.5(16.0) Long Blades
 - Level 5.0 Throwing
 O Level 27 Armour
 O Level 27 Dodging
 - Level 1.0 Stealth
 O Level 27 Shields
 + Level 10.7 Evocations


You had 24 spell levels left.
You knew the following spells:

 Your Spells              Type           Power      Damage    Failure   Level
a - Blink                 Tloc           0%         N/A       50%         2

Your spell library contained the following spells:

 Spells                   Type           Power      Damage    Failure   Level
 Magic Dart               Conj           0%         1d3       36%         1
 Necrotise                Necr           0%         1d4       36%         1
 Shock                    Conj/Air       0%         1d3       36%         1
 Slow                     Hex            0%         N/A       36%         1
 Sting                    Tmut/Pois      0%         1d3       36%         1
 Call Imp                 Summ           0%         N/A       50%         2
 Cigotuvi's Dreadful Rot  Necr/Pois/Air  0%         N/A       50%         2
 Ensorcelled Hibernation  Hex/Ice        0%         N/A       50%         2
 Lesser Beckoning         Tloc           0%         N/A       50%         2
 Momentum Strike          Conj/Tloc      0%         3d8       50%         2
 Poisonous Vapours        Pois/Air       0%         N/A       50%         2
 Searing Ray              Conj           0%         2d4       50%         2
 Sublimation of Blood     Necr           0%         N/A       50%         2
 Wereblood                Tmut           0%         N/A       50%         2
 Call Canine Familiar     Summ           0%         N/A       73%         3
 Confusing Touch          Hex            0%         N/A       73%         3
 Dazzling Flash           Conj/Hex       0%         N/A       73%         3
 Gell's Gravitas          Tloc           0%         N/A       73%         3
 Mephitic Cloud           Conj/Pois/Air  0%         N/A       73%         3
 Ozocubu's Armour         Ice            0%         N/A       73%         3
 Sigil of Binding         Hex            0%         N/A       73%         3
 Swiftness                Air            0%         N/A       73%         3
 Teleport Other           Tloc           0%         N/A       73%         3
 Tukima's Dance           Hex            0%         N/A       73%         3
 Vampiric Draining        Necr           0%         2d6       73%         3
 Volatile Blastmotes      Fire/Tloc      0%         2d10      73%         3
 Airstrike                Air            0%         2d(0-16)  98%         4
 Animate Armour           Summ/Erth      0%         N/A       98%         4
 Dimensional Bullseye     Hex/Tloc       0%         N/A       98%         4
 Dispel Undead            Necr           0%         3d6       98%         4
 Fulminant Prism          Conj/Hex       0%         3d5       98%         4
 Iskenderun's Mystic Bla  Conj/Tloc      0%         2d3       98%         4
 Leda's Liquefaction      Hex/Erth       0%         N/A       98%         4
 Manifold Assault         Tloc           0%         N/A       98%         4
 Olgreb's Toxic Radiance  Pois           0%         N/A       98%         4
 Passage of Golubria      Tloc           0%         N/A       98%         4
 Petrify                  Tmut/Erth      0%         N/A       98%         4
 Summon Lightning Spire   Summ/Air       0%         N/A       98%         4
 Agony                    Necr           0%         N/A       100%        5
 Freezing Cloud           Conj/Ice/Air   0%         6-21      100%        5
 Irradiate                Conj/Tmut      0%         3d11      100%        5
 Lee's Rapid Deconstruct  Erth           0%         3d4*      100%        5
 Silence                  Hex/Air        0%         N/A       100%        5
 Summon Forest            Summ/Tloc      0%         N/A       100%        5
 Summon Mana Viper        Hex/Summ       0%         N/A       100%        5
 Yara's Violent Unravell  Hex/Tmut       0%         3d3       100%        5
 Death Channel            Necr           0%         N/A       100%        6
 Dispersal                Tloc           0%         N/A       100%        6
 Starburst                Conj/Fire      0%         6d3       100%        6
 Summon Cactus Giant      Summ           0%         N/A       100%        6
 Haunt                    Necr/Summ      0%         N/A       100%        7
 Ozocubu's Refrigeration  Ice            0%         4d7       100%        7
 Summon Hydra             Summ           0%         N/A       100%        7
 Borgnjor's Revivificati  Necr           0%         N/A       100%        8
 Lehudib's Crystal Spear  Conj/Erth      0%         10d2      100%        8
 Maxwell's Capacitive Co  Air            0%         ∞         100%        8
 Chain Lightning          Conj/Air       0%         N/A       100%        9
 Death's Door             Necr           0%         N/A       100%        9
 Fire Storm               Conj/Fire      0%         5d1       100%        9


Dungeon Overview and Level Annotations

Branches:
Dungeon (15/15)            Temple (1/1) D:7            Lair (5/5) D:11
 Shoals (4/4) Lair:2        Snake (4/4) Lair:3        Slime (0/5) Lair:5
    Orc (2/2) D:12            Elf (3/3) Orc:2        Vaults (5/5) D:13
  Crypt (0/3) Vaults:3     Depths (4/4) D:15            Zot (5/5) Depths:4
  IceCv (visited)

Altars:
Ashenzari
Cheibriados
Dithmenos
Elyvilon
Fedhas
Gozag
Hepliaklqana
Kikubaaqudgha
Makhleb
Nemelex Xobeh
Okawaru
Qazlal
Ru
Sif Muna
Trog
Uskayaw
Vehumet
Wu Jian
Xom
Yredelemnul
Zin
The Shining One
Jiyva

Shops:
D:7 !   D:13 [*[??=[*(   Orc:1 *=(([   Orc:2 ([(*   Elf:1 [   Vaults:1 (
Zot:4 [[=[!   Depths:1 :[   Depths:2 ?

Portals:
Hell: Depths:1 Depths:2 Depths:3 Depths:4
Abyss: Depths:2 Depths:3
Pandemonium: Depths:2 Depths:3 Depths:4
Ziggurat: Depths:3

Annotations:
D:8 dangerous
D:12 2 transporters, gribnar's ghost, journeyman MfIE
D:14 4 transporters
D:15 Roxanne
Lair:2 exclusion: oklob plant
Snake:3 2 transporters, Vashnia; gribnar's ghost, journeyman DsGl


Innate Abilities, Weirdness & Mutations

You are amphibious.
You cover ground slowly.
You can hop long distances.
You have an extended range of vision and can be seen from far away.
You are somewhat resistant to further mutation.


Message History

You slash the soul eater!
The soul eater convulses!
The soul eater is heavily wounded.
You block the soul eater's attack.
You slash the soul eater!
The soul eater convulses!
The soul eater is almost dead.
You hit the soul eater.
You kill the soul eater!
No target in view!
No target in view!
What level of the Dungeon? (default 1, ? - help)
There is a stone staircase leading up here.
There is a stone staircase leading up here.
You climb upwards.
There is a stone staircase leading down here.
Things that are here:
a +0 robe; a +3 hand axe of freezing
Items here: )) [[.
There is a stone staircase leading up, spattered with blood here.
You climb upwards.
There is a stone staircase leading down, spattered with blood here.
You see here a +0 spear.
There is a stone staircase leading up here.
You see here a +0 flail.
You climb upwards.
There is a stone staircase leading down here.
There is a stone staircase leading up here.
You climb upwards.
There is a stone staircase leading down here.
There is an open door here.
There is an open door, spattered with blood here.
There is a stone staircase leading up here.
You climb upwards.
There is a stone staircase leading down here.
A rust devil comes into view.
There is a stone staircase leading up, spattered with blood here.
You climb upwards.
There is a stone staircase leading down, spattered with blood here.
There is an open door here.
There is a staircase leading out of the dungeon here.
You have escaped!

.##.................# ##.#####
.##....##'#######...#####......###
............# #.#..............#
.##.#..#.##.#####'#######......####
.##....#.##.#.........# ##.##.....#
.##.#..#.##.#.........####.######.#
.....#.#.##.#^.⌠...⌠..##...........
###..#.#.##.#.........#..########.#
#..#......'....@....'.###........
#..#......#.........### #.#####.#
###..###....#..⌠...⌠..# #.# #.#
...†...##...#.........#####.# #.#
######.##.#.#.........#.....# #.#
..#.........#####'#####.##### #.#
#.#..........# #.# #.# #.#
#.#..#.##.#(.# #.# #.# #..
#.#....##.#..####.# #.# ###


There were no monsters in sight!

Vanquished Creatures
  3 ancient liches
  10 dread liches
  10 orbs of fire
  Mara (Depths:3)
  3 juggernauts
  Vv (Zot:3)
  Frederick (Vaults:3)
  2 Killer Klowns (Zot:5)
  Margery (Vaults:4)
  Xtahua (Vaults:3)
  2 curse toes
  Saint Roka (Vaults:4)
  A caustic shrike (shapeshifter) (Depths:2)
  15 golden dragons
  the Enchantress (Depths:3)
  Nikola (Vaults:3)
  A Tzitzimitl (Zot:5)
  2 electric golems
  25 tentacled monstrosities
  The ghost of Cyommoer the Archmage, an adept DEHW of Vehumet (Depths:1)
  3 walking frostbound tomes
  3 deep elf blademasters
  5 liches
  16 Orb Guardians
  5 titans
  A Hell Sentinel (Depths:1)
  6 quicksilver dragons
  4 sphinxes
  2 walking divine tomes (Depths:3)
  10 death cobs
  A deep elf master archer (Elf:3)
  An ancient champion (Vaults:3)
  9 shadow dragons
  9 nagarajas (Snake:4)
  22 storm dragons
  13 tengu reavers
  Aizul (Snake:1)
  Donald (Shoals:1)
  A daeva (Shoals:4)
  Ilsuiw (Shoals:1)
  The ghost of bakla the Marksdemigod, a journeyman DgHu (Snake:1)
  4 draconian monks
  5 deep elf sorcerers
  10 frost giants
  8 draconian knights
  18 fire giants
  3 draconian shifters
  A balrug (Depths:4)
  4 draconian stormcallers
  4 ghost moths
  2 draconian scorchers
  3 deep elf elementalists (Elf:3)
  13 vault wardens
  2 orc warlords
  18 ironbound preservers
  16 very ugly things
  3 war gargoyles
  6 draconian annihilators
  2 quicksilver oozes (Vaults:2)
  8 spriggan defenders
  4 formless jellyfish
  14 stone giants
  4 vampire knights
  3 ironbound thunderhulks
  7 deep elf demonologists
  7 green draconians
  Azrael (D:15)
  10 black draconians
  12 deep elf annihilators
  5 spark wasps
  8 dire elephants
  10 purple draconians
  9 red draconians
  2 yellow draconians
  6 white draconians
  9 fire dragons
  6 deep elf death magi
  A green death (Depths:3)
  5 crystal guardians
  12 deep elf high priests
  12 merfolk impalers
  10 ettins
  3 merfolk javelineers
  Josephine (Lair:4)
  16 yaktaur captains
  4 great orbs of eyes
  2 rakshasas
  6 entropy weavers
  10 ice dragons
  35 vault guards
  10 ironbound frosthearts
  4 peacekeepers
  A spriggan skeleton (Depths:1)
  A hell beast (Zot:2)
  4 spriggan air magi
  7 hydras
  24 centaur warriors
  4 merfolk avatars
  2 ogre magi (Vaults:5)
  2 salamander tyrants (Snake:3)
  An alligator (shapeshifter) (Vaults:5)
  2 catoblepae (D:8)
  5 boulder beetles
  26 dancing weapons
  9 two-headed ogres
  A death knight (D:14)
  12 anacondas
  An alligator snapping turtle (Shoals:4)
  9 merfolk aquamancers
  4 satyrs
  9 death yaks
  14 naga warriors
  2 occultists
  11 tengu warriors
  4 deep troll earth magi
  2 deep troll shamans
  3 orc high priests (Orc:2)
  7 shock serpents
  Urug (Orc:2)
  A holy swine (Shoals:4)
  9 naga sharpshooters
  9 spriggan berserkers
  15 deep elf knights
  17 hell knights
  A soul eater (D:7)
  A titan skeleton (Vaults:3)
  2 shadow wraiths (Vaults:5)
  3 iron trolls
  2 cherubim (Shoals:4)
  2 salamander mystics
  2 skysharks
  17 sea snakes
  2 shadow demons
  12 skeletal warriors
  29 deep trolls
  3 flayed ghosts
  4 glowing orange brains
  2 lindwurms
  7 naga ritualists
  11 deep elf archers
  25 ironbound convokers
  5 harpies (Shoals:4)
  10 necromancers
  9 phantasmal warriors (Vaults:5)
  35 deep elf pyromancers
  3 arcanists
  34 deep elf zephyrmancers
  12 mana vipers
  A stone giant zombie (Vaults:3)
  9 orc knights
  27 ugly things
  7 orc sorcerers
  A tengu skeleton (Vaults:2)
  10 cyclopes
  6 merfolk sirens
  14 manticores
  2 wolf spiders (Lair:5)
  28 moths of wrath
  16 salamanders
  18 fauns
  5 human skeletons
  33 black mambas
  A fire giant skeleton (Vaults:3)
  14 elephants
  18 vault sentinels
  2 smoke demons
  7 water nymphs (Shoals:3)
  A water nymph (shapeshifter) (Depths:2)
  16 naga magi
  2 stone giant skeletons
  7 guardian serpents
  A gargoyle (D:11)
  A hellion (Depths:4)
  11 cane toads
  An efreet (D:8)
  2 ice devils
  A komodo dragon (shapeshifter) (Vaults:5)
  2 rime drakes
  2 unseen horrors
  8 komodo dragons
  A freezing wraith (D:14)
  28 yaktaurs
  4 tengu conjurers
  5 trolls
  8 meliai (Depths:3)
  2 wind drakes
  5 hornets
  2 raiju (Lair:5)
  2 tarantellas (shapeshifter)
  A tarantella (Vaults:2)
  19 merfolk
  11 polar bears
  A tengu simulacrum (Depths:1)
  3 glass eyes
  A raiju (shapeshifter) (Elf:3)
  13 blink frogs
  A glass eye (shapeshifter) (Vaults:5)
  4 dream sheep
  A spriggan zombie (Depths:1)
  13 snapping turtles
  2 elf skeletons (Vaults:3)
  26 slime creatures
  12 wyverns
  2 ettin skeletons (Vaults:3)
  2 frost giant simulacra (Depths:1)
  A slime creature (shapeshifter) (Vaults:5)
  A vampire (D:9)
  25 water elementals
  4 spriggans
  2 air elementals
  A jumping spider (Vaults:2)
  3 shadows
  4 wraiths (Lair:4)
  5 fire elementals
  2 basilisks
  Grum (D:10)
  8 vampire mosquitoes
  47 yaks
  7 redbacks
  3 steam dragons
  An ogre zombie (Vaults:2)
  A human simulacrum (Vaults:3)
  33 nagas
  A glowing shapeshifter zombie (Depths:1)
  5 wargs
  A swamp worm (shapeshifter) (Vaults:5)
  20 hell hounds
  An acid dragon (D:13)
  17 water moccasins
  12 black bears
  A human zombie (Vaults:3)
  4 sky beasts
  24 orc warriors
  7 ogres
  An ice beast (D:8)
  29 wolves
  7 centaurs
  3 kobold brigands
  19 bullfrogs
  2 gnoll sergeants
  2 earth elementals
  A scorpion (D:6)
  13 wights
  8 jellies
  A killer bee (D:8)
  8 howler monkeys
  2 komodo dragon simulacra (IceCv)
  11 orc priests
  3 hounds (D:5)
  2 sleepcaps
  5 iguanas
  7 hell rats (Lair:5)
  24 orc wizards
  8 adders
  15 gnolls
  A shadow imp (D:8)
  2 white imps
  2 ufetubi (D:5)
  A steam dragon simulacrum (IceCv)
  A dart slug (D:3)
  63 orcs
  9 endoplasms
  2 giant cockroaches
  4 goblins
  9 hobgoblins
  4 jackals (D:1)
  23 kobolds
  4 quokkas
  5 ball pythons
  6 bats
  2 frilled lizards
  4 rats
2026 creatures vanquished.

Vanquished Creatures (collateral kills)
  An orb of fire (Zot:5)
  2 Killer Klowns (Zot:5)
  An electric golem (Zot:5)
  11 Orb Guardians (Zot:5)
  A quicksilver dragon (Zot:5)
  A tentacled monstrosity (Zot:5)
  An ironbound frostheart (Vaults:4)
  An ironbound convoker (Vaults:4)
  4 redbacks (Vaults:4)
23 creatures vanquished.

Vanquished Creatures (others)
  An ancient lich (Zot:5)
  An orb of fire (Zot:5)
  2 Orb Guardians (Zot:5)
  Kirke (Lair:5)
  A shadow dragon (Depths:4)
  2 draconian knights
  2 deep elf knights
  A deep troll (Depths:4)
  5 deep elf zephyrmancers
  A moth of wrath (Zot:2)
  A yak (Lair:5)
  7 humans (Lair:5)
  A naga (Snake:1)
  A water moccasin (Lair:5)
  An orc warrior (Vaults:4)
  A wight (D:8)
  An orc wizard (Vaults:4)
30 creatures vanquished.

Grand Total: 2079 creatures vanquished

Notes
Turn   | Place    | Note
-------+----------+-------------------------------------------
     0 | D:1      | RepHenryClay the Barachi Wanderer began the quest for the
                  | Orb.
     0 | D:1      | RepHenryClay set off with the following items: a +1 rapier,
                  | a +0 pair of gloves, a scroll of fear, a +0 leather armour.
     0 | D:1      | Reached XP level 1. HP: 15/15 MP: 1/1
   109 | D:1      | Reached XP level 2. HP: 21/22 MP: 2/2
   537 | D:1      | Reached XP level 3. HP: 26/27 MP: 3/3
  1056 | D:2      | Reached XP level 4. HP: 23/33 MP: 4/4
  1348 | D:2      | Reached skill level 5 in Armour
  1620 | D:2      | Noticed a gnoll sergeant
  1675 | D:1      | Killed a gnoll sergeant
  1676 | D:1      | Reached XP level 5. HP: 13/38 MP: 5/5
  1814 | D:2      | Found the +5 woodcutter's axe
  2126 | D:3      | Found a faded altar of an unknown god.
  3037 | D:4      | Reached XP level 6. HP: 37/44 MP: 6/6
  3489 | D:4      | Reached skill level 1 in Throwing
  3838 | D:5      | Entered Level 5 of the Dungeon
  3867 | D:5      | Reached XP level 7. HP: 36/49 MP: 7/7
  4441 | D:5      | Reached skill level 5 in Long Blades
  5020 | D:6      | Identified the +6 long sword of Ciomepreaxzi {flame, *Noise
                  | Will+ Int+3}
  5032 | D:6      | Reached XP level 8. HP: 28/56 MP: 8/8
  5467 | D:5      | HP: 2/53 [ogre/+0 giant spiked club (19)]
  6943 | D:7      | Found Letaiq's Distillery.
  6944 | D:7      | Found a staircase to the Ecumenical Temple.
  6958 | Temple   | Entered the Ecumenical Temple
  6981 | Temple   | Became a worshipper of Gozag Ym Sagoz the Greedy
  7053 | Temple   | Reached skill level 10 in Long Blades
  7057 | Temple   | Reached XP level 9. HP: 44/61 MP: 9/9
  7438 | D:7      | Bought a potion of degeneration for 14 gold pieces
  7455 | D:7      | Identified a scroll of acquirement
  8004 | D:8      | Noticed a hornet
  8015 | D:8      | Killed a hornet
  8091 | D:8      | Reached skill level 10 in Armour
  8091 | D:8      | Reached XP level 10. HP: 35/67 MP: 10/10
  8098 | D:8      | Noticed a two-headed ogre
  8252 | D:8      | Noticed a two-headed ogre
  8292 | D:8      | Noticed a catoblepas
  8674 | D:9      | Reached skill level 5 in Throwing
  8916 | D:9      | Found a broken altar of Ashenzari.
  9635 | D:10     | Entered Level 10 of the Dungeon
  9810 | D:10     | Noticed Grum
  9826 | D:10     | Killed Grum
  9835 | D:10     | Acquired the amulet "Dogolot" {RegenMP Will++ Int-2 Dex+8}
 10111 | D:10     | Killed an unseen horror
 10378 | D:11     | Found a staircase to the Lair.
 10450 | D:11     | Reached skill level 5 in Fighting
 10466 | D:11     | Noticed a cyclops
 10477 | D:11     | Killed a cyclops
 10530 | D:11     | Reached XP level 11. HP: 33/83 MP: 11/11
 10993 | D:11     | Identified the +5 hand axe "Killer Klown's Curse" {freeze,
                  | Will+ Dex+5}
 11060 | D:11     | Noticed a centaur warrior
 11070 | D:11     | Killed a centaur warrior
 11439 | D:11     | Acquired a +0 double sword of protection
 11757 | Lair:1   | Entered Level 1 of the Lair of Beasts
 11919 | Lair:1   | Reached skill level 5 in Dodging
 12016 | Lair:1   | Noticed a boulder beetle
 12031 | Lair:1   | Killed a boulder beetle
 13070 | Lair:1   | Identified the +1 ring mail of Incorporation {rC+ Will+
                  | Dex+2}
 13395 | Lair:1   | Reached skill level 5 in Shields
 13711 | Lair:1   | Reached XP level 12. HP: 78/92 MP: 12/12
 13871 | Lair:2   | Noticed a skyshark
 13881 | Lair:2   | Killed a skyshark
 14219 | Lair:2   | Found a staircase to the Shoals.
 14455 | Lair:2   | Found an ornate altar of the Wu Jian Council.
 14597 | Lair:2   | Identified the +6 war axe of Wyamek {heavy, Will+}
 14981 | Lair:3   | Found a staircase to the Snake Pit.
 15063 | Lair:3   | Noticed a death yak
 15063 | Lair:3   | Noticed a death yak
 15064 | Lair:3   | Noticed a death yak
 15064 | Lair:3   | Noticed a death yak
 15064 | Lair:3   | Noticed a death yak
 15072 | Lair:3   | Found a frozen archway.
 15083 | IceCv    | Entered an ice cave
 15915 | Lair:3   | Killed a death yak
 16036 | Lair:3   | Killed a death yak
 16043 | Lair:3   | Killed a death yak
 16044 | Lair:3   | Reached skill level 10 in Fighting
 16044 | Lair:3   | Gained mutation: You can hop long distances. [Barachi
                  | growth]
 16044 | Lair:3   | Reached XP level 13. HP: 103/103 MP: 13/13
 16272 | Lair:3   | Found a staircase to the Snake Pit.
 16891 | Lair:3   | Reached skill level 10 in Dodging
 17262 | Lair:4   | Reached skill level 15 in Long Blades
 17340 | Lair:4   | Identified the +4 ring mail of Snakes and Ladders {-Tele
                  | rC+ Regen+ Dex+3}
 17578 | Lair:4   | Noticed Josephine
 17608 | Lair:4   | Killed Josephine
 18139 | Lair:5   | Entered Level 5 of the Lair of Beasts
 18672 | Lair:5   | Reached skill level 1 in Evocations
 18802 | Lair:5   | Found a staircase to the Slime Pits.
 18802 | Lair:5   | Found a viscous altar of Jiyva.
 18935 | Lair:5   | Reached skill level 5 in Evocations
 19106 | Lair:5   | Noticed Kirke
 19152 | Lair:5   | Killed Kirke
 19158 | Lair:5   | Reached XP level 14. HP: 67/113 MP: 14/14
 21899 | Lair:5   | Noticed a dire elephant
 21923 | Lair:5   | Killed a dire elephant
 23240 | D:8      | Reached skill level 15 in Armour
 23448 | D:8      | Identified the ring of the Flying Ancients {EV+5 SInv}
 23503 | D:8      | Found an ancient bone altar of Kikubaaqudgha.
 24020 | D:8      | Reached XP level 15. HP: 125/125 MP: 15/15
 24626 | D:12     | Found a transporter.
 24626 | D:12     | Noticed gribnar's ghost (journeyman MfIE)
 25085 | D:12     | Found a staircase to the Orcish Mines.
 25139 | D:12     | Found a transporter.
 25296 | Orc:1    | Entered Level 1 of the Orcish Mines
 25296 | Orc:1    | Found Foge's Armour Shoppe.
 25312 | Orc:1    | Bought the +0 buckler of the Engineer {Rampage rCorr} for
                  | 205 gold pieces
 25361 | Orc:1    | Found Eguor's Antique Weapon Boutique.
 25509 | Orc:2    | Entered Level 2 of the Orcish Mines
 25918 | Orc:1    | Found Uruov's Jewellery Shop.
 25926 | Orc:1    | Found Ehuoh's Weapon Emporium.
 26030 | Orc:1    | Found Yninais's Assorted Antiques.
 26039 | Orc:1    | Bought a scroll of teleportation for 78 gold pieces
 26039 | Orc:1    | Bought a tubular iron ring for 130 gold pieces
 26039 | Orc:1    | Bought a runed bone ring for 130 gold pieces
 26313 | Orc:2    | Noticed Urug
 26326 | Orc:2    | Killed Urug
 26726 | Orc:2    | Found a staircase to the Elven Halls.
 26995 | Orc:2    | Found Xuss's Antique Weapon Shop.
 27583 | Orc:2    | Found Umaluxew's Armour Shoppe.
 27588 | Orc:2    | Found Rewautt's Weapon Shoppe.
 27591 | Orc:2    | Found Tuem's Assorted Antiques.
 27601 | Orc:2    | Bought a scroll of enchant weapon for 195 gold pieces
 27601 | Orc:2    | Bought a pink potion for 23 gold pieces
 27601 | Orc:2    | Bought a scroll of teleportation for 78 gold pieces
 27601 | Orc:2    | Bought a scroll of fear for 104 gold pieces
 28092 | D:13     | Found Icauhi Taylu's Weapon Boutique.
 28201 | D:13     | Found a gate to the Vaults.
 28356 | D:14     | Reached skill level 10 in Evocations
 28853 | D:14     | Found a transporter.
 28854 | D:14     | Found a transporter.
 28855 | D:14     | Found a transporter.
 28857 | D:14     | Found a transporter.
 29383 | D:15     | Entered Level 15 of the Dungeon
 29421 | D:15     | Reached XP level 16. HP: 87/134 MP: 16/16
 29645 | D:15     | Found a staircase to the Depths.
 30072 | D:15     | Reached skill level 15 in Fighting
 30157 | D:15     | Noticed Azrael
 30172 | D:15     | Killed Azrael
 30295 | D:15     | Identified the +4 chain mail of the Merwolf {rPois rF-
                  | Str+6}
 30417 | D:15     | Noticed Roxanne
 30607 | Snake:1  | Entered Level 1 of the Snake Pit
 30622 | Snake:1  | Found a transporter.
 30687 | Snake:1  | Identified the serpent talisman of Sorcery {Str+3}
 30687 | Snake:1  | Noticed Aizul
 30698 | Snake:1  | Killed Aizul
 30740 | Snake:1  | You fall into a shaft and drop 1 floor!
 30764 | Snake:2  | Found a flickering gateway to a bazaar.
 30774 | Bazaar   | Entered a bazaar
 30789 | Bazaar   | Found Wolot's General Store.
 30791 | Bazaar   | Found Maog's Distillery.
 30833 | Bazaar   | Found Haoclog's Distillery.
 30834 | Bazaar   | Found Achai's Assorted Antiques.
 30868 | Bazaar   | Bought the +0 mask of the Dragon {Will+ Slay+3 SInv} for
                  | 835 gold pieces
 30868 | Bazaar   | Found the +0 mask of the Dragon {Will+ Slay+3 SInv}
 30868 | Bazaar   | Bought a glowing sapphire amulet for 125 gold pieces
 30868 | Bazaar   | Bought a scroll of teleportation for 75 gold pieces
 30894 | Bazaar   | Bought a scroll of identify for 22 gold pieces
 30894 | Bazaar   | Bought a scroll of identify for 22 gold pieces
 30894 | Bazaar   | Bought a scroll of identify for 22 gold pieces
 30915 | Bazaar   | Bought a potion of curing for 36 gold pieces
 30915 | Bazaar   | Bought 2 potions of curing for 72 gold pieces
 30915 | Bazaar   | Bought a potion of heal wounds for 60 gold pieces
 30915 | Bazaar   | Bought a potion of mutation for 96 gold pieces
 30915 | Bazaar   | Bought a potion of mutation for 96 gold pieces
 30915 | Bazaar   | Bought a potion of mutation for 96 gold pieces
 30915 | Bazaar   | Bought 2 potions of mutation for 192 gold pieces
 30915 | Bazaar   | Bought a potion of mutation for 96 gold pieces
 30947 | Bazaar   | Bought a twisted silver wand for 100 gold pieces
 30959 | Bazaar   | Bought a potion of enlightenment for 80 gold pieces
 30959 | Bazaar   | Bought a potion of curing for 48 gold pieces
 30959 | Bazaar   | Bought a potion of curing for 48 gold pieces
 30959 | Bazaar   | Bought a potion of enlightenment for 80 gold pieces
 30959 | Bazaar   | Bought a potion of cancellation for 128 gold pieces
 30959 | Bazaar   | Bought a potion of mutation for 128 gold pieces
 30959 | Bazaar   | Bought a potion of curing for 48 gold pieces
 31625 | Snake:1  | Noticed bakla's ghost (journeyman DgHu)
 31629 | Snake:1  | Found a transporter.
 33625 | Snake:3  | Found a bloodstained altar of Trog.
 33625 | Snake:3  | Noticed gribnar's ghost (journeyman DsGl)
 33632 | Snake:3  | Found a transporter.
 33649 | Snake:3  | Found a transporter.
 34629 | Snake:3  | Reached skill level 15 in Dodging
 34962 | Snake:3  | Reached XP level 17. HP: 144/144 MP: 17/17
 35289 | Snake:3  | Noticed Vashnia
 35466 | Snake:4  | Entered Level 4 of the Snake Pit
 37979 | Snake:4  | Got a serpentine rune of Zot
 38329 | Vaults:1 | Entered Level 1 of the Vaults
 38342 | Vaults:1 | Identified the +0 sling of Valiance {drain, *Corrode rC++
                  | Str+8 Dex-2}
 38467 | Shoals:1 | Entered Level 1 of the Shoals
 39213 | Shoals:2 | Reached XP level 18. HP: 132/156 MP: 18/18
 39954 | Shoals:2 | Noticed Ilsuiw
 40050 | Shoals:1 | Killed Ilsuiw
 40239 | Shoals:2 | Noticed Donald
 40503 | Shoals:1 | Killed Donald
 41493 | Shoals:3 | Reached skill level 10 in Shields
 42037 | Shoals:4 | Entered Level 4 of the Shoals
 42270 | Shoals:4 | Found a white marble altar of Elyvilon.
 42897 | Shoals:4 | Found a glowing golden altar of the Shining One.
 42923 | Shoals:4 | Found the +7 great mace "Undeadhunter" {deathbane, rN+}
 43071 | Shoals:4 | Found a glowing silver altar of Zin.
 43682 | Shoals:4 | Reached XP level 19. HP: 134/163 MP: 19/19
 43897 | Shoals:4 | Got a barnacled rune of Zot
 44112 | Snake:1  | Killed bakla's ghost
 44288 | Snake:1  | Identified the ring of Ascent {Str+3 Dex+6}
 44453 | Vaults:1 | Found Loasev's Antique Weapon Boutique.
 44584 | Vaults:1 | Reached skill level 15 in Shields
 46471 | Vaults:2 | Reached XP level 20. HP: 174/174 MP: 20/20
 46576 | Vaults:2 | Paralysed by a formless jellyfish for 1 turns
 47109 | Vaults:2 | Found a runed translucent door.
 47200 | Vaults:2 | Identified the +1 leather armour of Riuppa {Str+2}
 47585 | Vaults:3 | Noticed Xtahua
 47591 | Vaults:3 | Killed Xtahua
 48263 | Vaults:3 | Noticed Nikola
 48272 | Vaults:3 | Killed Nikola
 49083 | Vaults:3 | Found a staircase to the Crypt.
 49257 | Vaults:4 | Found a flickering gateway to a bazaar.
 49264 | Bazaar   | Entered a bazaar
 49266 | Bazaar   | Found Kipluse's Antique Armour Boutique.
 49269 | Bazaar   | Found Weoro's General Store.
 49270 | Bazaar   | Found Siosor's Antique Armour Boutique.
 49270 | Bazaar   | Found Soesiotsio's General Store.
 49281 | Bazaar   | Bought 2 potions of haste for 140 gold pieces
 49281 | Bazaar   | Bought a scroll of teleportation for 21 gold pieces
 49286 | Bazaar   | Bought 2 potions of curing for 72 gold pieces
 49472 | Vaults:4 | Paralysed by a formless jellyfish for 1 turns
 49754 | Vaults:4 | Noticed Frederick
 49767 | Vaults:3 | Killed Frederick
 50191 | Vaults:4 | Noticed Margery
 50307 | Vaults:4 | Killed Margery
 50308 | Vaults:4 | Reached XP level 21. HP: 110/183 MP: 21/21
 50721 | Vaults:4 | Noticed Saint Roka
 50740 | Vaults:4 | Killed Saint Roka
 50911 | Vaults:4 | Identified the +1 pair of gloves of Sios {rElec rN++ Int+2
                  | Dex-3}
 51443 | D:13     | Bought 3 scrolls of teleportation for 135 gold pieces
 51443 | D:13     | Bought a scroll of teleportation for 45 gold pieces
 51443 | D:13     | Bought a scroll of enchant armour for 112 gold pieces
 51448 | D:13     | Bought a runed buckler for 240 gold pieces
 51450 | D:13     | Bought a scroll of enchant armour for 240 gold pieces
 51453 | D:13     | Bought a scroll of teleportation for 66 gold pieces
 51453 | D:13     | Bought a scroll of teleportation for 66 gold pieces
 51459 | D:13     | Bought a bloodstained buckler for 389 gold pieces
 51459 | D:13     | Identified the +2 buckler "Tesaeraen" {Rampage +Blink} (You
                  | bought it in a shop on level 13 of the Dungeon)
 51498 | WizLab   | Identified the "Favicir"
 51498 | Depths:1 | Entered Level 1 of the Depths
 51667 | Depths:1 | Found a gateway to Hell.
 51807 | Depths:1 | Found Mior's Book Emporium.
 51811 | Depths:1 | Found Pileh's Antique Armour Shoppe.
 51964 | Depths:1 | Identified the ring of the Devil's Advocate {rElec rC+
                  | rCorr Dex-2}
 52878 | Depths:1 | Found a runed translucent gate.
 52878 | Depths:1 | Noticed an ancient lich
 52878 | Depths:1 | Noticed Cyommoer's ghost (adept DEHW)
 52879 | Depths:1 | Found a runed translucent gate.
 52879 | Depths:1 | Found a runed translucent gate.
 52879 | Depths:1 | Found an ancient bone altar of Kikubaaqudgha.
 52879 | Depths:1 | Noticed a dread lich
 52879 | Depths:1 | Noticed an ancient lich
 53232 | Depths:1 | Killed a dread lich
 53237 | Depths:1 | Killed an ancient lich
 53244 | Depths:1 | Killed an ancient lich
 53255 | Depths:1 | Killed Cyommoer's ghost
 53268 | Depths:1 | Identified the ring of Micvoog {rF+ Will- Int+6 Dex+5}
 53275 | Depths:1 | Identified the -1 hat of Daciha {rPois Dex+4}
 53802 | Depths:2 | Reached XP level 22. HP: 194/194 MP: 22/22
 53817 | Depths:2 | Noticed a golden dragon
 53817 | Depths:2 | Noticed a juggernaut
 53818 | Depths:2 | Noticed a golden dragon
 53986 | Depths:1 | Identified the +1 quarterstaff of Qoofen {heavy, rElec rF-
                  | rC+}
 54581 | Depths:2 | Killed a golden dragon
 54603 | Depths:2 | Found Woczif Mirr's Magic Scroll Shoppe.
 54608 | Depths:2 | Bought a scroll of blinking for 150 gold pieces
 54608 | Depths:2 | Bought a scroll of enchant weapon for 150 gold pieces
 54608 | Depths:2 | Bought a scroll of enchant armour for 150 gold pieces
 54612 | Depths:2 | Found a one-way gate leading to the halls of Pandemonium.
 54859 | Depths:2 | a rockslime changed into a shard shrike
 54859 | Depths:2 | Noticed a shard shrike (glowing shapeshifter)
 54861 | Depths:2 | a shard shrike changed into a juggernaut
 54861 | Depths:2 | Noticed a juggernaut (glowing shapeshifter)
 54863 | Depths:2 | a juggernaut changed into a titan
 54865 | Depths:2 | a titan changed into a caustic shrike
 54865 | Depths:2 | Noticed a caustic shrike (glowing shapeshifter)
 54874 | Depths:2 | Killed a caustic shrike
 55172 | Depths:2 | Found a one-way gate to the infinite horrors of the Abyss.
 55267 | Depths:2 | Acquired 1297 gold pieces
 55328 | Depths:2 | Killed a juggernaut
 55350 | Depths:3 | Identified the "Fydadgh"
 56552 | Depths:3 | Noticed a juggernaut
 56632 | Depths:3 | Noticed a golden dragon
 56638 | Depths:3 | Killed a golden dragon
 57006 | Depths:3 | Noticed a golden dragon
 57021 | Depths:3 | Killed a golden dragon
 57211 | Depths:3 | Noticed a juggernaut
 57220 | Depths:3 | Killed a juggernaut
 57239 | Depths:3 | Noticed a golden dragon
 57245 | Depths:3 | Killed a golden dragon
 57248 | Depths:3 | Identified the +6 longbow of Eternal War {heavy, rElec
                  | Will+ Str+3}
 57248 | Depths:3 | Identified the +8 shortbow of Uncertain Death {flame, rF+
                  | Int+2 Stlth-}
 57249 | Depths:3 | Killed a juggernaut
 57449 | Depths:3 | Identified the +5 robe of Oily Life {Dex+5 Slay-3}
 57449 | Depths:3 | Identified the ring "Muiqetao" {Ice rElec}
 57516 | Depths:3 | Reached XP level 23. HP: 188/201 MP: 23/23
 57917 | Depths:3 | Identified the ring of Kov Amia {rPois rCorr AC+4 Str+4}
 57932 | Depths:3 | Noticed Mara
 57946 | Depths:3 | Noticed RepHenryClay's illusion
 58158 | Depths:3 | Noticed a dread lich
 58172 | Depths:3 | Killed a dread lich
 58178 | Depths:3 | Noticed RepHenryClay's illusion
 58195 | Depths:3 | Killed Mara
 58416 | Depths:3 | Found a one-way gateway to a ziggurat.
 58446 | Depths:3 | Identified the +1 leather armour "Nizayqur" {Int+3}
 58592 | Depths:4 | Entered Level 4 of the Depths
 58592 | Depths:4 | Noticed the Enchantress
 58592 | Depths:4 | Noticed a golden dragon
 58769 | Depths:3 | Killed the Enchantress
 58905 | Depths:4 | Killed a golden dragon
 59401 | Depths:4 | Acquired the +3 pair of mountain boots {steadfast, rC+}
 59401 | Depths:4 | Found the +3 pair of mountain boots {steadfast, rC+}
 59582 | D:13     | Bought the ring "Fatepn" {rElec rPois rCorr Int-4 Dex+6}
                  | for 569 gold pieces
 59929 | Depths:4 | Found a gate to the Realm of Zot.
 60452 | Vaults:5 | Entered Level 5 of the Vaults
 60485 | Vaults:5 | Noticed a golden dragon
 60489 | Vaults:5 | Killed a golden dragon
 60581 | Vaults:5 | Noticed a golden dragon
 60586 | Vaults:5 | Killed a golden dragon
 60880 | Vaults:5 | Reached XP level 24. HP: 208/208 MP: 23/23
 61018 | Vaults:5 | Noticed a dread lich
 61037 | Vaults:5 | Killed a dread lich
 61038 | Vaults:5 | Reached skill level 27 in Shields
 61119 | Vaults:5 | Identified the amulet "Pilicsad" {Reflect rElec rPois rN+
                  | SH+5}
 61163 | Vaults:5 | Identified the +7 war axe of True Grit {heavy, Contam rElec
                  | Will+ Dex+3}
 61215 | Vaults:5 | Noticed a dread lich
 61224 | Vaults:5 | Killed a dread lich
 61245 | Vaults:5 | Got a silver rune of Zot
 61870 | Vaults:5 | Identified the +2 robe "Nyream" {Contam Rampage rC+++
                  | Int-5}
 61904 | Vaults:5 | Identified the +0 robe of Precision Catastrophes {rElec
                  | rCorr}
 62456 | Elf:3    | Identified the "Faaguson"
 62456 | Elf:3    | Identified the "Seinex"
 62456 | Elf:3    | Identified the "Amywneul"
 62456 | Elf:3    | Identified the "Larar"
 62456 | Zot:1    | Entered Level 1 of the Realm of Zot
 63122 | Zot:1    | Noticed a dread lich
 63137 | Zot:1    | Paralysed by a dread lich for 3 turns
 63143 | Zot:1    | Killed a dread lich
 63201 | Zot:1    | Identified the +6 dagger of Midnight {flame, *Rage rC+
                  | Stlth+}
 63201 | Zot:1    | Identified the ring "Liex" {Str+4 Dex+6}
 63218 | Zot:1    | Noticed a dread lich
 63221 | Zot:1    | Noticed a dread lich
 63232 | Zot:1    | Noticed a dread lich
 63233 | Zot:1    | Killed a dread lich
 63234 | Zot:1    | Reached XP level 25. HP: 193/219 MP: 23/23
 63241 | Zot:1    | Killed a dread lich
 63248 | Zot:1    | Killed a dread lich
 63249 | Zot:1    | Noticed a dread lich
 63249 | Zot:1    | Noticed a dread lich
 63249 | Zot:1    | Paralysed by a dread lich for 3 turns
 63261 | Zot:1    | Killed a dread lich
 63265 | Zot:1    | Killed a dread lich
 64218 | Zot:2    | Identified the +2 cloak "Appebbe" {*Corrode rElec Int+3}
 64391 | Zot:2    | Noticed an orb of fire
 64391 | Zot:2    | Gained mutation: You occasionally lose the ability to drink
                  | potions when taking damage. [an orb of fire]
 64399 | Zot:2    | Gained mutation: You are agile. (Dex +4, Str/Int -1) [an
                  | orb of fire]
 64400 | Zot:2    | Killed an orb of fire
 64749 | Zot:3    | Noticed an orb of fire
 64751 | Zot:3    | Gained mutation: You have hidden genetic defects. [an orb
                  | of fire]
 64763 | Zot:3    | Killed an orb of fire
 64854 | Zot:3    | Lost mutation: You occasionally lose the ability to drink
                  | potions when taking damage. [potion of mutation]
 64854 | Zot:3    | Lost mutation: You have hidden genetic defects. [potion of
                  | mutation]
 64854 | Zot:3    | Gained mutation: You occasionally shout uncontrollably at
                  | your foes. [potion of mutation]
 65149 | Zot:3    | Noticed Vv
 65191 | Zot:3    | Killed Vv
 65239 | Zot:3    | Noticed an orb of fire
 65239 | Zot:3    | Gained mutation: You sometimes lose your temper in combat.
                  | [an orb of fire]
 65245 | Zot:3    | Killed an orb of fire
 65248 | Zot:3    | Lost mutation: You are agile. (Dex +4, Str/Int -1) [potion
                  | of mutation]
 65248 | Zot:3    | Lost mutation: You occasionally shout uncontrollably at
                  | your foes. [potion of mutation]
 65248 | Zot:3    | Lost mutation: You sometimes lose your temper in combat.
                  | [potion of mutation]
 65248 | Zot:3    | Gained mutation: Your body sometimes deteriorates upon
                  | taking damage. [potion of mutation]
 65248 | Zot:3    | Gained mutation: You occasionally shout uncontrollably at
                  | your foes. [potion of mutation]
 65248 | Zot:3    | Gained mutation: Your magical capacity is low. (-10% MP)
                  | [potion of mutation]
 65887 | Zot:4    | Found an opulent altar of Gozag.
 66013 | Zot:4    | Reached XP level 26. HP: 236/236 MP: 10/20
 67068 | Zot:4    | Found a shimmering altar of Xom.
 67494 | Elf:1    | Entered Level 1 of the Elven Halls
 67600 | Elf:1    | Found Ohank's Antique Armour Boutique.
 68606 | Elf:2    | Found a runed translucent gate.
 68607 | Elf:2    | Found a runed translucent gate.
 68607 | Elf:2    | Found a runed translucent gate.
 69300 | Elf:3    | Entered Level 3 of the Elven Halls
 70428 | Elf:3    | Identified the ring "Turescha" {rF+ rCorr MP+9}
 70439 | Elf:3    | Identified the +2 robe of Poor Excuses {Rampage rN+ Str+2}
 70439 | Elf:3    | Identified the amulet "Qenim" {Reflect Str+3 SH+5}
 70535 | Elf:3    | Identified the +7 swamp dragon scales "Qugiex" {Drain rPois
                  | rF+ Will++}
 70822 | Elf:3    | Identified the +2 plate armour "Xeeschaky" {rC+ Dex+2}
 70867 | Elf:3    | Identified the +2 helmet "Ecuekh" {rF+}
 71357 | Zot:5    | Entered Level 5 of the Realm of Zot
 71595 | Zot:5    | Reached skill level 27 in Fighting
 71609 | Zot:5    | Reached XP level 27. HP: 240/249 MP: 20/20
 71883 | Zot:4    | Bought a potion of curing for 39 gold pieces
 71883 | Zot:4    | Bought a potion of curing for 39 gold pieces
 71883 | Zot:4    | Bought a potion of heal wounds for 65 gold pieces
 71990 | Zot:5    | Noticed an ancient lich
 71997 | Zot:5    | Noticed an orb of fire
 71997 | Zot:5    | Noticed an orb of fire
 72008 | Zot:5    | Killed an orb of fire
 72010 | Zot:5    | Noticed an orb of fire
 72026 | Zot:5    | Killed an orb of fire
 72045 | Zot:5    | Noticed an orb of fire
 72046 | Zot:5    | Noticed an orb of fire
 72049 | Zot:5    | Noticed an orb of fire
 72067 | Zot:5    | Noticed an ancient lich
 72068 | Zot:5    | Noticed an orb of fire
 72071 | Zot:5    | Gained mutation: You are dopey. (Int -2) [an orb of fire]
 72082 | Zot:5    | Killed an ancient lich
 72083 | Zot:5    | Gained mutation: Your body often deteriorates upon taking
                  | damage. [an orb of fire]
 72102 | Zot:5    | Killed an orb of fire
 72116 | Zot:5    | Gained mutation: You are frail. (-10% HP) [an orb of fire]
 72120 | Zot:5    | Killed an orb of fire
 72135 | Zot:5    | Killed an orb of fire
 72148 | Zot:5    | Killed an orb of fire
 72166 | Zot:5    | Reached skill level 27 in Armour
 72221 | Zot:5    | Noticed an orb of fire
 72233 | Zot:5    | Gained mutation: Armour fits poorly on your strangely
                  | shaped body. [an orb of fire]
 72235 | Zot:5    | Gained mutation: You are very frail. (-20% HP) [an orb of
                  | fire]
 72236 | Zot:5    | Gained mutation: You are very dopey. (Int -4) [an orb of
                  | fire]
 72237 | Zot:5    | Gained mutation: You are weak. (Str -2) [an orb of fire]
 72241 | Zot:5    | Killed an orb of fire
 72242 | Zot:5    | Noticed an orb of fire
 72243 | Zot:5    | Gained mutation: Your flesh is heat resistant. (rF+) [an
                  | orb of fire]
 72262 | Zot:5    | Gained mutation: You do not regenerate when monsters are
                  | visible. [an orb of fire]
 72444 | Zot:5    | Learned a level 2 spell: Blink
 72467 | Zot:5    | Gained mutation: Potions are less effective at restoring
                  | your health. [an orb of fire]
 72471 | Zot:5    | Gained mutation: You are vulnerable to cold. (rC-) [an orb
                  | of fire]
 72486 | Zot:5    | Killed an orb of fire
 73293 | Zot:5    | Lost mutation: You are very dopey. (Int -4) [potion of
                  | mutation]
 73293 | Zot:5    | Lost mutation: Potions are less effective at restoring your
                  | health. [potion of mutation]
 73293 | Zot:5    | Lost mutation: Your body often deteriorates upon taking
                  | damage. [potion of mutation]
 73293 | Zot:5    | Gained mutation: You are extremely frail. (-30% HP) [potion
                  | of mutation]
 73293 | Zot:5    | Lost mutation: You are extremely frail. (-30% HP) [potion
                  | of mutation]
 73294 | Zot:5    | Lost mutation: You do not regenerate when monsters are
                  | visible. [potion of mutation]
 73294 | Zot:5    | Lost mutation: You are very frail. (-20% HP) [potion of
                  | mutation]
 73295 | Zot:5    | Lost mutation: You are frail. (-10% HP) [potion of
                  | mutation]
 73295 | Zot:5    | Lost mutation: Your flesh is heat resistant. (rF+) [potion
                  | of mutation]
 73295 | Zot:5    | Lost mutation: You are vulnerable to cold. (rC-) [potion of
                  | mutation]
 73295 | Zot:5    | Lost mutation: You occasionally shout uncontrollably at
                  | your foes. [potion of mutation]
 73296 | Zot:5    | Lost mutation: Your magical capacity is low. (-10% MP)
                  | [potion of mutation]
 73296 | Zot:5    | Lost mutation: You are weak. (Str -2) [potion of mutation]
 73296 | Zot:5    | Lost mutation: Your body sometimes deteriorates upon taking
                  | damage. [potion of mutation]
 73296 | Zot:5    | Gained mutation: You are somewhat resistant to further
                  | mutation. [potion of mutation]
 73297 | Zot:5    | Lost mutation: Armour fits poorly on your strangely shaped
                  | body. [potion of mutation]
 73297 | Zot:5    | Lost mutation: You are dopey. (Int -2) [potion of mutation]
 73332 | Zot:5    | Got the Orb of Zot
 73556 | Depths:3 | Reached skill level 27 in Dodging
 73797 | D:8      | Noticed Yttehep the pandemonium lord
 73797 | D:8      | Noticed an ancient lich
 73963 | D:$      | Escaped with the Orb!

Illustrated notes

Levels and vault maps discovered:
D:1:      mushboom_english_gardens, layout_basic
D:2:      layout_loops_cross, amcnicky_mini_corridor_feature,
          pf_guarded_unrand_woodcutter
D:3:      layout_loops_corners, chequers_ecumenical_altar_simple,
          grunt_decor_arrowhead
D:4:      layout_basic, minmay_misc_feat_four_crosses
D:5:      layout_loops_ring
D:6:      layout_basic
D:7:      layout_rooms, minmay_temple_entry_stoned_glass, serial_shops,
          nicolae_shop_statue_plus
D:8:      minmay_the_grid_octo_tiled_octocenter
          [minmay_the_grid_octo_vomiting_pacman, minmay_the_grid_octo_clover_2,
          minmay_the_grid_octo_empty, minmay_the_grid_octo_concentric,
          minmay_the_grid_octo_prize_single_spiral,
          minmay_the_grid_square_5x5_trominoes,
          minmay_the_grid_square_5x5_inner_v, minmay_the_grid_square_5x5_mess,
          minmay_the_grid_square_5x5_three], layout_rooms
D:9:      layout_loops_ring, lemuel_tele_altar
D:10:     layout_gridville, uniq_grum
D:11:     layout_basic, lair_entry_dummy
D:12:     layout_cave_pools, orc_0_dummy, gammafunk_ghost_arena,
          minmay_misc_feat_secret_circle, dreamdust_deal_with_the_devil
D:13:     layout_cave_pools, hellmonk_vaults_order_and_chaos, serial_shops, shop
D:14:     layout_loops_cross, minmay_misc_feat_hallway, nicolae_diode_quadrants
D:15:     grunt_enter_depths_giant_problem, layout_rooms, serial_park_paths
          [serial_park_minivault_5x5_6], uniq_roxanne, uniq_azrael
Temple:   nicolae_temple_the_god_donut
Lair:1:   layout_cave_pods, wad_woods_road_03, hangedman_lair_unloving_vines
Lair:2:   layout_cave_pods, minmay_shoals_entry_beasts, lemuel_oklob_altar,
          grunt_megastairs_5
Lair:3:   layout_regular_city, guppyfry_snake_entry_island,
          portal_ice_cave_entry_pillars_2, grunt_forest_large_clearings,
          infiniplex_staircase_pool
Lair:4:   layout_small_grid, uniq_josephine
Lair:5:   hangedman_lair_tendril_chambers, layout_regular_city,
          hangedman_lair_caniforms_friends, nicolae_slime_entry_field_trip,
          uniq_kirke
Shoals:1: layout_shoals, overgrown_tower
Shoals:2: layout_shoals, yaktaur_hedge, uniq_ilsuiw, uniq_donald
Shoals:3: layout_shoals, nicolae_splish_splash
Shoals:4: shoals_end_hellmonk_holy_island
Snake:1:  layout_misc_corridors, gammafunk_ghost_arena, uniq_aizul
Snake:2:  nrook_guardian_serpent_snake_passage, layout_honeycomb, serial_shops,
          bzr_entry_dummy
Snake:3:  layout_rooms, gammafunk_ghost_wrathful_warriors, uniq_vashnia
Snake:4:  grunt_snake_rune_pools, layout_rooms
Orc:1:    layout_diamond_mine, serial_shops, nicolae_shop_statue_plus,
          nicolae_shop_rolling_square, nicolae_diamond_shop, shop,
          nicolae_shop_peninsula, guppyfry_library_mini
Orc:2:    st_orc_elflike, layout_caves, mines2_david, uniq_urug
Elf:1:    minmay_elf_arrival_circle, layout_gridlike, serial_shops,
          nicolae_shop_trees, kennysheep_underground_church
Elf:2:    nicolae_elf_blades_crystal_corner, layout_gridlike,
          dreamdust_mushroom_princess
Elf:3:    minmay_elf_hall_not_hex, layout_loops_corners
Vaults:1: nicolae_vaults_surprise_closet_hard, nicolae_vaults_shrinking_rooms_1,
          v_misc_1, ontoclasm_vaults_ring_large,
          nicolae_vaults_closet_pinwheel_2, nicolae_vaults_trapezoid_layered,
          v_rooms_5, nicolae_vaults_shrinking_rooms_2,
          nicolae_vaults_three_branches, nicolae_vaults_circle_grid_a,
          nicolae_vaults_trapezoid_lopsided_3, layout_vaults_omnibox,
          serial_shops, nicolae_shop_window_shopping
Vaults:2: v_pattern_2, nicolae_vaults_sightless_eye,
          hangedman_vaults_stretched_pinwheel, hangedman_vaults_impose,
          v_misc_4, hangedman_vaults_nails, vaults_mumra_chevron_long,
          nicolae_vaults_surprise_closet, v_rooms_5,
          ontoclasm_vaults_misaligned, nicolae_vaults_diagonal_hallway_8,
          nicolae_vaults_tetromino_L_1, nicolae_vaults_little_squares_6,
          nicolae_vaults_oozy_zoo, layout_vaults_maze_bifur
Vaults:3: ontoclasm_vaults_loading_screen, vaults_room_pool,
          hangedman_vaults_corner_blocks, vaults_dpeg_emergency_exit,
          minmay_crypt_entry_skeletal_spiral, nicolae_vaults_little_squares_5,
          v_misc_14, nicolae_vaults_little_squares_6, v_misc_18,
          vaults_mumra_lcd, ontoclasm_vaults_eye,
          nicolae_vaults_yaktaur_gun_rack, v_misc_29,
          nicolae_vaults_shelves_hall, layout_vaults_omnigrid, uniq_xtahua,
          uniq_nikola
Vaults:4: ontoclasm_vaults_idyll, v_misc_11, hangedman_vaults_locks,
          ontoclasm_vaults_tryst, nicolae_vaults_back_hallway, v_misc_18,
          v_misc_1, nicolae_vaults_trapezoid_3,
          nicolae_vaults_security_offices_2, nicolae_vaults_apartment_1,
          v_pattern_5, vaults_room_grunt_arrival_checkpoint,
          grunt_vaults_hallway_short, ontoclasm_vaults_hangar,
          nicolae_vaults_diamond_1, serial_ice_h, layout_vaults_ring,
          serial_shops, bzr_in_the_mist, uniq_frederick, uniq_saint_roka,
          uniq_margery
Vaults:5
Depths:1: layout_honeycomb, hangedman_decor_riveting, gammafunk_ghost_crypt,
          grunt_metal_band, onia_ninara_cookie, serial_bayou_shore_b,
          firewood_loft, minmay_shoptagon
Depths:2: nicolae_fronds_of_death, layout_cave_pools, pan_entry, serial_shops,
          nicolae_shop_real_fake_doors, grunt_hell_entry_dis_grunt,
          abyss_entry_small_statue_room
Depths:3: box_level_dp, abyss_entry, pan_entry, hell_entry, uniq_mara
Depths:4: grunt_zot_entry_bicorn, layout_cave_shapes, grunt_pan_entry_spiral,
          hangedman_decor_growths, hell_entry, chequers_big_river,
          uniq_enchantress
Zot:1:    hellmonk_paralyzer, layout_misc_corridors,
          regret_index_zotdec_twisting_globes
Zot:2:    kennysheep_room_grid, layout_misc_corridors,
          regret_index_zotdec_barnacled_simple
Zot:3:    layout_onion_interference, uniq_vv
Zot:4:    layout_concentric_octagons, hangedman_feature_mirror,
          regret_index_zotdec_ceiling_fans, grunt_megastairs_3
Zot:5:    layout_cellular_growth

Skill      XL: |  1  2  3  4  5  6  7  8  9 10 11 12 13 14 15 16 17 18 19 20 21 22 23 24 25 26 27 |
---------------+----------------------------------------------------------------------------------+-----
Armour         | 3 4 6 7 8 10 12 13 15 16 17 18 19 20 21 22 24 25 27 | 27.0
Throwing       | 1 4 5 |  5.0
Long Blades    | 3 7 10 11 13 14 15 | 15.5
Fighting       | 6 8 10 11 13 14 16 17 18 19 20 21 22 25 27 | 27.0
Dodging        | 8 9 11 13 15 16 17 18 19 20 22 23 25 27 | 27.0
Shields        | 5 6 9 13 16 17 18 21 26 27 | 27.0
Evocations     | 5 10 | 10.7
Short Blades   | |  5.4
Stealth        | |  1.0

Action                     |  1- 3 |  4- 6 |  7- 9 | 10-12 | 13-15 | 16-18 | 19-21 | 22-24 | 25-27 || total
---------------------------+-------+-------+-------+-------+-------+-------+-------+-------+-------++-------
  Melee: Rapier            |    96 |   202 |    14 |       |       |       |       |       |       ||   312
         Battleaxe         |       |       |    70 |       |       |       |       |       |       ||    70
         Long sword        |       |       |   114 |   495 |   911 |       |       |       |       ||  1520
         Punch             |       |       |     2 |     3 |       |       |       |       |       ||     5
         Dagger            |       |       |       |       |    52 |       |       |       |       ||    52
         Double sword      |       |       |       |       |   348 |  1034 |   989 |  1130 |   594 ||  4095
         Eudemon blade     |       |       |       |       |       |       |       |    36 |   828 ||   864
  Throw: Dart              |       |     7 |    22 |    23 |    74 |    21 |    14 |       |       ||   161
         Javelin           |       |       |       |       |       |       |    10 |     3 |       ||    13
 Invoke: Potion Petition   |       |       |       |     1 |       |       |       |       |       ||     1
         Call Merchant     |       |       |       |       |       |       |     8 |       |     5 ||    13
         Bribe Branch      |       |       |       |       |       |       |       |       |     1 ||     1
Ability: Hop               |       |       |     2 |     5 |     6 |     2 |       |     2 |     4 ||    21
         Evoke Invisibilit |       |       |       |       |       |     1 |       |       |       ||     1
  Evoke: Wand              |       |       |       |     9 |     2 |     5 |     8 |       |    11 ||    35
         Condenser vane    |       |       |       |       |       |       |     5 |     1 |     2 ||     8
    Use: Scroll            |       |       |    11 |    16 |     8 |    16 |    16 |    10 |     9 ||    86
         Potion            |       |       |     5 |     3 |     1 |     4 |     6 |     2 |    13 ||    34
   Stab: Sleeping          |     2 |     1 |     1 |     2 |     2 |     6 |       |     1 |       ||    15
         Distracted        |       |     1 |       |     6 |    14 |    14 |     9 |    13 |    16 ||    73
         Invisible         |       |       |       |       |       |       |     1 |       |       ||     1
 Armour: Leather armour    |     5 |       |       |       |       |       |       |       |       ||     5
         Scale mail        |    55 |    32 |       |       |       |       |       |       |       ||    87
         Ring mail         |       |    63 |   191 |   279 |   480 |   410 |       |       |       ||  1423
         Pearl dragon scal |       |       |       |       |       |    10 |   323 |   395 |   190 ||   918
         Swamp dragon scal |       |       |       |       |       |       |       |       |   102 ||   102
  Dodge: Dodged            |    37 |    83 |   137 |   248 |  1033 |  1223 |   904 |   627 |   753 ||  5045
         Repelled          |       |       |       |       |       |    14 |    14 |    28 |    28 ||    84
  Block: Buckler           |       |    39 |    10 |    69 |   517 |   346 |    25 |       |       ||  1006
         Kite shield       |       |       |       |       |       |   278 |   872 |    17 |       ||  1167
         Reflection        |       |       |       |       |       |    58 |    65 |       |       ||   123
         Tower shield      |       |       |       |       |       |       |       |  1332 |  1459 ||  2791

Table legend: (Time is in decaauts)
 A = Elapsed time spent in this place.
 B = Non-inter-level travel time spent in this place.
 C = Inter-level travel time spent in this place.
 D = Time resting spent in this place.
 E = Time spent auto-exploring this place.
 F = Levels seen in this place.
 G = Mean time per level.
                   A        B        C        D        E       F      G
               +--------+--------+--------+--------+--------+-----+--------+
         Total |  81753 |  74515 |   7238 |   9318 |  48903 |  51 | 1603.0 |
       Dungeon |  20257 |  17935 |   2322 |   2761 |  12158 |  15 | 1350.5 |
        Temple |    446 |    393 |     53 |    257 |     92 |   1 |  446.0 |
          Lair |  12013 |  10855 |   1158 |   1361 |   7339 |   5 | 2402.6 |
        Shoals |   5962 |   5807 |    155 |    999 |   3389 |   4 | 1490.5 |
     Snake Pit |   8419 |   7766 |    653 |   1918 |   4298 |   4 | 2104.8 |
  Orcish Mines |   2871 |   2453 |    418 |    157 |   1783 |   2 | 1435.5 |
   Elven Halls |   3987 |   3756 |    231 |    136 |   2602 |   3 | 1329.0 |
        Vaults |  10096 |   9384 |    712 |    859 |   5991 |   5 | 2019.2 |
        Depths |  10160 |   9044 |   1116 |    808 |   6041 |   4 | 2540.0 |
           Zot |   7184 |   6769 |    415 |     51 |   5082 |   5 | 1436.8 |
        Bazaar |    312 |    312 |      0 |      0 |    124 |   2 |  156.0 |
      Ice Cave |     41 |     41 |      0 |      7 |      0 |   1 |   41.0 |
               +--------+--------+--------+--------+--------+-----+--------+

Top non-repeatable levels by time:
Depths:3: 4187 daAuts
  Lair:5: 3704 daAuts
  Lair:3: 2706 daAuts
 Snake:2: 2634 daAuts
    D:11: 2632 daAuts
Depths:1: 2481 daAuts
Vaults:3: 2277 daAuts
Vaults:4: 2152 daAuts
  Lair:4: 2139 daAuts
Vaults:1: 2138 daAuts
 Snake:4: 2122 daAuts
 Snake:3: 2044 daAuts
   Zot:5: 2007 daAuts
Vaults:5: 1980 daAuts
Depths:4: 1930 daAuts
